 Dungeon Crawl Stone Soup version 0.30-a0-166-g5d06c95188 (webtiles) character file.

Game seed: 5295845337860647200

18940 qw the Cleaver (level 12, -7/77 HPs)
             Began as a Gargoyle Fighter on Sept 28, 2022.
             Was a High Priest of Okawaru.
             Mangled by a tyrant leech (16 damage)
             ... on level 2 of the Lair of Beasts.
             The game lasted 00:04:49 (13804 turns).

qw the Cleaver (Gargoyle Fighter)                  Turns: 13804, Time: 00:04:49

Health: -7/77      AC: 24    Str: 29    XL:     12   Next: 63%
Magic:  19/19      EV:  9    Int:  9    God:    Okawaru [*****.]
Gold:   1263       SH: 11    Dex:  9    Spells: 11/11 levels left

rFire   . . .      SeeInvis +    i - +4 broad axe (holy)
rCold   . . .      Faith    .    c - +0 buckler
rNeg    + + .      Spirit   .    l - +0 plate armour
rPois   inf        Reflect  +    (no helmet)
rElec   +          Harm     .    (no cloak)
rCorr   .          Rampage  .    (no gloves)
Will    +....                    (no boots)
Stlth   ..........               p - amulet of reflection
HPRegen 0.22/turn                v - ring of the Iron Devil {rC+ Will+ SInv}
MPRegen 0.16/turn                s - ring of False Pretenses {rPois rC- rN+ Str+4}

@: about to teleport, heroic
A: sickness immunity, AC +8, negative energy resistance 1, electricity
resistance, torment resistance 1, petrification resistance
a: Renounce Religion, Heroism, Finesse, Duel


You were on level 2 of the Lair of Beasts.
You worshipped Okawaru.
Okawaru was extremely pleased with you.
You visited 3 branches of the dungeon, and saw 12 of its levels.
You also visited: Gauntlet.

You collected 1351 gold pieces.
You spent 88 gold pieces at shops.


Innate Abilities, Weirdness & Mutations

You are immune to sickness and miasma.
Your stone body is resilient. (AC +8)
You are immune to poison.
You resist negative energy. (rN+)
You are resistant to electric shocks. (rElec)
You are resistant to unholy torment.
You are immune to petrification.


   Skills:
 - Level 10.0(15.0) Fighting
 + Level 12.7(17.7) Axes
 - Level 3.7(8.7) Throwing
 - Level 7.0(12.0) Armour
 - Level 2.2(7.2) Dodging
 - Level 6.0(11.0) Shields
 - Level 10.0 Invocations


You had 11 spell levels left.
You didn't know any spells.
Your spell library was empty.

Inventory:

Hand Weapons
 a - a +0 morningstar
 i - a +4 broad axe of holy wrath (weapon)
Missiles
 w - 10 javelins (quivered)
Armour
 c - a +0 buckler (worn)
 h - the +0 plate armour of the Valley {Harm Will- Str+3 Int+2}
   (You took it off an orc on level 8 of the Dungeon)

   Str:       It affects your strength (+3).
   Int:       It affects your intelligence (+2).
   Harm:      It increases damage dealt and taken.
   Will:      It decreases your willpower.
 l - a +0 plate armour (worn)
 r - +1 fire dragon scales
 x - a +2 cloak of stealth
Jewellery
 m - a ring of fire
 p - an amulet of reflection (around neck)
 s - the ring of False Pretenses (right hand) {rPois rC- rN+ Str+4}
   (You took it off an orc on level 8 of the Dungeon)

   [ring of poison resistance]

   Str:       It affects your strength (+4).
   rC:        It makes you vulnerable to cold.
   rPois:     It protects you from poison.
   rN:        It protects you from negative energy.
 t - a ring of ice
 u - a ring of fire
 v - the ring of the Iron Devil (left hand) {rC+ Will+ SInv}
   (You found it in a Gauntlet)

   [ring of see invisible]

   rC:        It protects you from cold.
   SInv:      It lets you see invisible.
   Will:      It increases your willpower.
Scrolls
 n - 6 scrolls of identify
 o - 2 scrolls of teleportation
Potions
 b - a potion of mutation
 d - 2 potions of might
 e - 4 potions of curing
 f - 3 potions of attraction
 g - 3 potions of haste
 j - a potion of magic
 k - a potion of lignification
 q - a potion of cancellation

Dungeon Overview and Level Annotations

Branches:
Dungeon (9/15)             Temple (1/1) D:4            Lair (2/5) D:9
  Swamp (0/4) Lair:2      Gauntlet (visited)
  Snake: Lair:2-3    Spider: Lair:2-3       Orc: D:9-12

Altars:
Ashenzari
Cheibriados
Dithmenos
Elyvilon
Fedhas
Gozag
Hepliaklqana
Kikubaaqudgha
Makhleb
Nemelex Xobeh
Okawaru
Qazlal
Ru
Sif Muna
Trog
Uskayaw
Vehumet
Wu Jian
Xom
Yredelemnul
Zin
The Shining One

Shops:
D:2 ?!=!


Message History

You barely miss the swamp worm.
The swamp worm is almost dead.
You slash the swamp worm! The swamp worm bites you! The swamp worm bites you.
You slice the swamp worm!!
You kill the swamp worm!
Okawaru accepts your kill.
You hit the swamp worm. The swamp worm bites you!
You open the swamp worm like a pillowcase!!!
You kill the swamp worm!
Okawaru accepts your kill.
You miss the tyrant leech. You closely miss the tyrant leech.
You slash the tyrant leech! The tyrant leech bites you.
You miss the tyrant leech.
The tyrant leech is lightly wounded.
You hit the tyrant leech. The tyrant leech closely misses you.
You slash the tyrant leech!
The tyrant leech is moderately wounded.
You hit the tyrant leech. The tyrant leech bites you! x2
You barely miss the tyrant leech.
The tyrant leech is moderately wounded.
You barely miss the tyrant leech.
The tyrant leech bites you but does no damage.
You slice the tyrant leech!!
The tyrant leech is severely wounded.
You hit the tyrant leech. You block the tyrant leech's attack.
You miss the tyrant leech.
The tyrant leech is severely wounded.
You hit the tyrant leech. The tyrant leech bites you!!
13804 ||| READING 3 scrolls of teleportation.
As you read the scroll of teleportation, it crumbles to dust.
You feel strangely unstable. The tyrant leech bites you!
You die...

7~77 ~~~7 ¤~~7 ~¤~ #
#### ~¤ 7.# ...#
#####77.77..# ..###
###...#.w....# ....#
###.......@w..#
...####.#...........#
...##......P......PP#
..#..............####
...............#..#
..............#####
.....#####.#### #
.#P.....#### .#
.......###P###...


You could see 2 tyrant leeches.

Vanquished Creatures
  A minotaur (Gauntlet)
  Erica (D:8)
  A boulder beetle (D:8)
  5 death yaks (Lair:1)
  A wizard (Gauntlet)
  Pikel (D:4)
  A faun (shapeshifter) (D:8)
  An ugly thing (D:8)
  A black mamba (Lair:1)
  A rime drake (Lair:1)
  4 cane toads (Lair:1)
  3 komodo dragons
  4 hornets
  A raiju (Gauntlet)
  4 blink frogs (Lair:2)
  6 shadows (Gauntlet)
  2 wyverns (Lair:2)
  A wraith (D:9)
  12 yaks
  3 steam dragons
  2 swamp worms (Lair:2)
  4 water moccasins
  4 ice beasts
  2 sky beasts
  An orc warrior (D:6)
  3 ogres
  9 wolves
  A black bear (D:6)
  5 centaurs
  A lemure (D:4)
  A phantom (D:6)
  A kobold brigand (D:8)
  10 bullfrogs
  5 scorpions
  A wight (D:8)
  7 killer bees
  A howler monkey (D:8)
  3 hounds
  2 jellies
  4 orc priests
  A gnoll bouda (D:5)
  Ijyb (D:4)
  Natasha (twice) (D:4)
  6 orc wizards
  7 gnolls
  3 adders
  4 shadow imps
  2 ufetubi
  4 worms
  23 orcs
  4 bats
  10 endoplasms
  2 giant cockroaches
  4 goblins
  4 hobgoblins
  3 jackals (D:4)
  5 kobolds
  4 quokkas (D:2)
  8 ball pythons
  4 frilled lizards
  6 rats
228 creatures vanquished.

Vanquished Creatures (others)
  2 orcs (D:7)
  7 fungi
  14 plants
23 creatures vanquished.

Grand Total: 251 creatures vanquished

Notes
Turn   | Place    | Note
-------+----------+-------------------------------------------
     0 | D:1      | qw the Gargoyle Fighter began the quest for the Orb.
     0 | D:1      | Reached XP level 1. HP: 14/14 MP: 1/1
     0 | D:1      | 0 ||| qw: Version: 0.2-a-12-gaebbb33
     0 | D:1      | 0 ||| qw: Game counter: 954
     0 | D:1      | 0 ||| qw: Always use a shield: true
     0 | D:1      | 0 ||| qw: God list: Okawaru
     0 | D:1      | 0 ||| qw: Allow faded altars: false
     0 | D:1      | 0 ||| qw: Do Orc after D:15 true
     0 | D:1      | 0 ||| qw: Do second Lair branch before Depths: true
     0 | D:1      | 0 ||| qw: Lair rune preference: random
     0 | D:1      | 0 ||| qw: Plans: Normal, Zot:1-4, God:TSO, Crypt, Tomb,
                  | Pan, Slime:5, Hells, Abyss, Orb
     0 | D:1      | 0 ||| PLANNING D:1-11
    56 | D:1      | Reached skill level 2 in Axes
   273 | D:1      | 273 ||| Stepping ~*~*~tactically~*~*~ (stealth).
   274 | D:1      | 274 ||| Stepping ~*~*~tactically~*~*~ (stealth).
   276 | D:1      | 276 ||| Stepping ~*~*~tactically~*~*~ (stealth).
   278 | D:1      | 278 ||| Stepping ~*~*~tactically~*~*~ (stealth).
   279 | D:1      | 279 ||| Stepping ~*~*~tactically~*~*~ (stealth).
   280 | D:1      | 280 ||| Stepping ~*~*~tactically~*~*~ (stealth).
   328 | D:1      | Reached XP level 2. HP: 19/19 MP: 2/2
   479 | D:1      | You fall into a shaft and drop 1 floor!
   487 | D:2      | 487 ||| READING scroll labelled WUKAETUCRA.
   488 | D:2      | 488 ||| READING scroll labelled PIFOEMUSAT.
   489 | D:2      | 489 ||| READING scroll labelled NOMELI EW WOI.
   494 | D:2      | Found Itogyu's Jewellery Emporium.
   985 | D:2      | 985 ||| Stepping ~*~*~tactically~*~*~ (stealth).
   990 | D:2      | 990 ||| FLEEEEING.
   991 | D:2      | 991 ||| STAIRDANCE
  1074 | D:2      | Reached skill level 3 in Axes
  1175 | D:2      | 1175 ||| DROPPING +0 club.
  1273 | D:2      | Reached XP level 3. HP: 18/23 MP: 3/3
  1346 | D:2      | Found a faded altar of an unknown god.
  1624 | D:2      | Found Roda's Distillery.
  1632 | D:2      | 1632 ||| SHOPLISTING potion of cancellation (88 gold, have
                  | 86).
  1632 | D:2      | 1632 ||| SHOPLISTING potion of haste (110 gold, have 86).
  1632 | D:2      | 1632 ||| BUYING potion of heal wounds (55 gold).
  1632 | D:2      | Bought a potion of heal wounds for 55 gold pieces
  1632 | D:2      | 1632 ||| SHOPLISTING potion of heal wounds (55 gold, have
                  | 31).
  1632 | D:2      | 1632 ||| SHOPLISTING potion of lignification (33 gold, have
                  | 31).
  1632 | D:2      | 1632 ||| SHOPLISTING potion of might (44 gold, have 31).
  1632 | D:2      | 1632 ||| SHOPLISTING potion of resistance (110 gold, have
                  | 31).
  1736 | D:2      | Found Enliz's Distillery.
  1744 | D:2      | 1744 ||| SHOPLISTING 2 potions of attraction (66 gold, have
                  | 39).
  1744 | D:2      | 1744 ||| BUYING potion of curing (33 gold).
  1744 | D:2      | Bought a potion of curing for 33 gold pieces
  1744 | D:2      | 1744 ||| SHOPLISTING potion of lignification (33 gold, have
                  | 6).
  1744 | D:2      | 1744 ||| SHOPLISTING potion of mutation (88 gold, have 6).
  1796 | D:2      | 1796 ||| SHOPLISTING +4 ring of protection (396 gold, have
                  | 6).
  1796 | D:2      | 1796 ||| SHOPLISTING +6 ring of dexterity (396 gold, have
                  | 6).
  1796 | D:2      | 1796 ||| SHOPLISTING amulet of the acrobat (330 gold, have
                  | 6).
  1796 | D:2      | 1796 ||| SHOPLISTING ring of positive energy (220 gold,
                  | have 6).
  1796 | D:2      | 1796 ||| SHOPLISTING ring of protection from cold (275
                  | gold, have 6).
  1823 | D:2      | Found Fiegies's Magic Scroll Shop.
  2130 | D:2      | 2130 ||| READING 2 scrolls labelled WESHODUWNE.
  2134 | D:2      | 2134 ||| READING scroll labelled GYSHESORCHU.
  2217 | D:3      | 2217 ||| Stepping ~*~*~tactically~*~*~ (hiding).
  2218 | D:3      | 2218 ||| Stepping ~*~*~tactically~*~*~ (hiding).
  2225 | D:3      | 2225 ||| DRINKING 2 potions of curing.
  2225 | D:3      | 2225 ||| (to cure confusion)
  2230 | D:3      | 2230 ||| DRINKING potion of curing.
  2230 | D:3      | 2230 ||| (to cure confusion)
  2234 | D:3      | HP: 4/23 [something (2)]
  2236 | D:3      | HP: 1/23 [something (2)]
  2240 | D:3      | Reached skill level 4 in Axes
  2240 | D:3      | Reached XP level 4. HP: 1/28 MP: 4/4
  2251 | D:3      | 2251 ||| Stepping ~*~*~tactically~*~*~ (stealth).
  2253 | D:3      | 2253 ||| Stepping ~*~*~tactically~*~*~ (stealth).
  2256 | D:3      | 2256 ||| FLEEEEING.
  2257 | D:3      | 2257 ||| FLEEEEING.
  2258 | D:3      | 2258 ||| FLEEEEING.
  2259 | D:3      | 2259 ||| DRINKING 4 potions of heal wounds.
  2272 | D:3      | 2272 ||| DROPPING +1 vorpal flail.
  2682 | D:3      | Found a shadowy altar of Dithmenos.
  2995 | D:3      | Reached XP level 5. HP: 10/32 MP: 5/5
  3293 | D:3      | 3293 ||| UPGRADING to +0 chain mail.
  3303 | D:3      | 3303 ||| DROPPING +0 scale mail.
  3304 | D:3      | 3304 ||| READING scroll labelled QOUFESS TUGEF.
  3332 | D:4      | 3332 ||| PLANNING SEWER
  3352 | D:4      | Found a stormy altar of Qazlal.
  3451 | D:4      | Noticed Ijyb
  3452 | D:4      | 3452 ||| Stepping ~*~*~tactically~*~*~ (hiding).
  3467 | D:4      | HP: 7/32 [constriction (2)]
  3468 | D:4      | 3468 ||| READING scroll of teleportation.
  3469 | D:4      | 3469 ||| DRINKING 4 potions of heal wounds.
  3552 | D:4      | Reached skill level 5 in Axes
  3570 | D:4      | Found a snail-covered altar of Cheibriados.
  3573 | D:4      | Noticed Natasha
  3574 | D:4      | 3574 ||| Stepping ~*~*~tactically~*~*~ (hiding).
  3580 | D:4      | Killed Natasha
  3663 | D:4      | Noticed a lemure
  3668 | D:4      | Noticed Pikel
  3670 | D:4      | Killed a lemure
  3673 | D:4      | Noticed a lemure
  3676 | D:4      | Noticed a lemure
  3680 | D:4      | HP: 7/33 [lemure[Pikel] (4)]
  3681 | D:4      | 3681 ||| DRINKING 3 potions of heal wounds.
  3681 | D:4      | Noticed a lemure
  3683 | D:4      | Killed Pikel
  3684 | D:4      | Reached XP level 6. HP: 38/44 MP: 6/6
  3684 | D:4      | Reached XP level 7. HP: 42/48 MP: 7/7
  3957 | D:4      | Noticed Natasha
  3969 | D:4      | Killed Natasha
  4070 | D:4      | 4070 ||| RIP SEWER
  4169 | D:4      | 4169 ||| PLANNING D:1-11
  4178 | D:4      | 4178 ||| FLEEEEING.
  4193 | D:4      | Killed Ijyb
  4199 | D:4      | 4199 ||| FLEEEEING.
  4200 | D:4      | 4200 ||| FLEEEEING.
  4216 | D:4      | 4216 ||| FLEEEEING.
  4233 | D:4      | 4233 ||| FLEEEEING.
  4234 | D:4      | 4234 ||| FLEEEEING.
  4241 | D:4      | 4241 ||| STAIRDANCE
  4308 | D:3      | 4308 ||| DROPPING scarf of harm.
  4309 | D:3      | 4309 ||| READING scroll labelled XEYNNOTO WYOC.
  4310 | D:3      | 4310 ||| DRINKING 3 fizzy black potions.
  4311 | D:3      | 4311 ||| DROPPING 2 potions of brilliance.
  4454 | D:4      | Found a staircase to the Ecumenical Temple.
  4455 | D:4      | 4455 ||| PLANNING TEMPLE
  4463 | Temple   | Entered the Ecumenical Temple
  4465 | Temple   | 4465 ||| PLANNING OKAWARU WORSHIP
  4587 | Temple   | Became a worshipper of Warmaster Okawaru
  4588 | Temple   | 4588 ||| PLANNING D:1-11
  4625 | D:5      | Entered Level 5 of the Dungeon
  4692 | D:5      | Found a radiant altar of Vehumet.
  4703 | D:5      | Reached skill level 6 in Axes
  4703 | D:5      | Reached XP level 8. HP: 25/53 MP: 8/8
  4958 | D:5      | Reached skill level 1 in Dodging
  5147 | D:5      | Reached * piety under Okawaru
  5496 | D:5      | Reached skill level 1 in Invocations
  5685 | D:5      | 5685 ||| READING scroll labelled GEASCHUAKHI.
  5686 | D:5      | 5686 ||| READING scroll labelled CITIHU OSUU.
  5687 | D:5      | 5687 ||| READING scroll labelled XUAGHUOTZA.
  5688 | D:5      | 5688 ||| READING scroll labelled BOPETAHACY.
  5688 | D:5      | Identified a scroll of acquirement
  5688 | D:5      | 5688 ||| ACQUIRING 667 gold pieces
  5688 | D:5      | Acquired 667 gold pieces
  5690 | D:5      | 5690 ||| READING 3 scrolls of identify.
  5690 | D:5      | 5690 ||| IDENTIFYING lumpy red potion
  5691 | D:5      | 5691 ||| READING 2 scrolls of identify.
  5691 | D:5      | 5691 ||| IDENTIFYING sedimented sapphire potion
  5692 | D:5      | 5692 ||| DROPPING potion of flight.
  5748 | D:6      | Reached skill level 7 in Axes
  5828 | D:6      | 5828 ||| INVOKING Heroism.
  5830 | D:6      | 5830 ||| FLEEEEING.
  5831 | D:6      | 5831 ||| FLEEEEING.
  5832 | D:6      | 5832 ||| FLEEEEING.
  5833 | D:6      | 5833 ||| FLEEEEING.
  5834 | D:6      | 5834 ||| FLEEEEING.
  5835 | D:6      | 5835 ||| FLEEEEING.
  5836 | D:6      | 5836 ||| FLEEEEING.
  5837 | D:6      | 5837 ||| FLEEEEING.
  5838 | D:6      | 5838 ||| FLEEEEING.
  5839 | D:6      | 5839 ||| FLEEEEING.
  5840 | D:6      | 5840 ||| FLEEEEING.
  5841 | D:6      | 5841 ||| FLEEEEING.
  5842 | D:6      | 5842 ||| FLEEEEING.
  5843 | D:6      | 5843 ||| FLEEEEING.
  5844 | D:6      | 5844 ||| FLEEEEING.
  5845 | D:6      | 5845 ||| FLEEEEING.
  5846 | D:6      | 5846 ||| FLEEEEING.
  5847 | D:6      | 5847 ||| FLEEEEING.
  5848 | D:6      | 5848 ||| STAIRDANCE
  6022 | D:5      | 6022 ||| DRINKING 2 glowing yellow potions.
  6025 | D:6      | 6025 ||| STAIRDANCE
  6030 | D:6      | 6030 ||| INVOKING Heroism.
  6033 | D:6      | 6033 ||| STAIRDANCE
  6061 | D:6      | 6061 ||| DRINKING 2 potions of curing.
  6061 | D:6      | 6061 ||| (to cure confusion)
  6112 | D:6      | 6112 ||| INVOKING Heroism.
  6120 | D:6      | Reached skill level 3 in Invocations
  6208 | D:6      | 6208 ||| Stepping ~*~*~tactically~*~*~ (stealth).
  6210 | D:6      | 6210 ||| Stepping ~*~*~tactically~*~*~ (hiding).
  6211 | D:6      | 6211 ||| INVOKING Heroism.
  6212 | D:6      | 6212 ||| Stepping ~*~*~tactically~*~*~ (hiding).
  6219 | D:6      | Reached XP level 9. HP: 57/57 MP: 8/12
  6253 | D:6      | 6253 ||| INVOKING Heroism.
  6258 | D:6      | Reached skill level 8 in Axes
  6315 | D:6      | 6315 ||| Stepping ~*~*~tactically~*~*~ (stealth).
  6437 | D:6      | Found a shimmering altar of Xom.
  6521 | D:6      | 6521 ||| UPGRADING to +0 plate armour.
  6531 | D:6      | 6531 ||| DROPPING +0 chain mail.
  6532 | D:6      | 6532 ||| UPGRADING to amulet of reflection.
  6537 | D:6      | 6537 ||| READING scroll labelled FUXKIATYOS.
  6684 | D:7      | 6684 ||| Stepping ~*~*~tactically~*~*~ (stealth).
  6690 | D:7      | 6690 ||| Stepping ~*~*~tactically~*~*~ (stealth).
  6790 | D:7      | 6790 ||| Stepping ~*~*~tactically~*~*~ (stealth).
  6792 | D:7      | 6792 ||| Stepping ~*~*~tactically~*~*~ (hiding).
  6796 | D:7      | 6796 ||| INVOKING Heroism.
  6965 | D:7      | Reached skill level 9 in Axes
  7026 | D:7      | Found a sacrificial altar of Ru.
  7134 | D:7      | 7134 ||| Stepping ~*~*~tactically~*~*~ (stealth).
  7141 | D:7      | 7141 ||| INVOKING Heroism.
  7262 | D:7      | 7262 ||| INVOKING Heroism.
  7302 | D:7      | 7302 ||| INVOKING Heroism.
  7579 | D:7      | 7579 ||| READING 2 scrolls of identify.
  7579 | D:7      | 7579 ||| IDENTIFYING ruby potion
  7622 | D:8      | 7622 ||| Stepping ~*~*~tactically~*~*~ (hiding).
  7629 | D:8      | Reached ** piety under Okawaru
  7677 | D:8      | 7677 ||| INVOKING Heroism.
  7909 | D:8      | 7909 ||| Stepping ~*~*~tactically~*~*~ (hiding).
  7913 | D:8      | 7913 ||| INVOKING Heroism.
  7919 | D:8      | 7919 ||| Stepping ~*~*~tactically~*~*~ (hiding).
  7957 | D:8      | Found an ornate altar of the Wu Jian Council.
  8013 | D:8      | 8013 ||| Stepping ~*~*~tactically~*~*~ (stealth).
  8023 | D:8      | 8023 ||| Stepping ~*~*~tactically~*~*~ (stealth).
  8083 | D:8      | Reached skill level 10 in Axes
  8083 | D:8      | Reached XP level 10. HP: 54/63 MP: 13/13
  8246 | D:8      | 8246 ||| INVOKING Heroism.
  8251 | D:8      | Reached skill level 6 in Armour
  8252 | D:8      | Noticed a fire crab
  8260 | D:8      | HP: 10/63 [fire crab (shapeshifter) (10)]
  8261 | D:8      | 8261 ||| READING 4 scrolls of teleportation.
  8261 | D:8      | Identified the ring of False Pretenses {rPois rC- rN+
                  | Str+4}
  8262 | D:8      | 8262 ||| DRINKING 2 potions of heal wounds.
  8264 | D:8      | Noticed a boulder beetle
  8266 | D:8      | HP: 11/63 [fire crab (shapeshifter)] (16)]
  8388 | D:8      | Noticed a sea snake
  8389 | D:8      | 8389 ||| Stepping ~*~*~tactically~*~*~ (stealth).
  8391 | D:8      | 8391 ||| INVOKING Heroism.
  8401 | D:8      | a sea snake changed into a faun
  8401 | D:8      | Noticed a faun (shapeshifter)
  8412 | D:8      | 8412 ||| INVOKING Heroism.
  8413 | D:8      | Killed a faun
  8413 | D:8      | Reached *** piety under Okawaru
  8492 | D:8      | 8492 ||| INVOKING Heroism.
  8494 | D:8      | 8494 ||| Stepping ~*~*~tactically~*~*~ (hiding).
  8538 | D:8      | 8538 ||| FLEEEEING.
  8539 | D:8      | 8539 ||| FLEEEEING.
  8545 | D:8      | 8545 ||| FLEEEEING.
  8546 | D:8      | 8546 ||| FLEEEEING.
  8549 | D:8      | 8549 ||| FLEEEEING.
  8550 | D:8      | 8550 ||| FLEEEEING.
  8551 | D:8      | 8551 ||| FLEEEEING.
  8553 | D:8      | 8553 ||| STAIRDANCE
  8654 | D:8      | Noticed a cyan ugly thing
  8664 | D:8      | Killed a cyan ugly thing
  8763 | D:8      | Noticed Erica
  8764 | D:8      | 8764 ||| INVOKING Heroism.
  8773 | D:8      | 8773 ||| DRINKING 3 potions of curing.
  8773 | D:8      | 8773 ||| (to cure confusion)
  8774 | D:8      | 8774 ||| DRINKING 2 potions of curing.
  8774 | D:8      | 8774 ||| (to cure confusion)
  8787 | D:8      | Killed Erica
  8839 | D:8      | 8839 ||| Stepping ~*~*~tactically~*~*~ (stealth).
  8863 | D:8      | Identified the +0 plate armour of the Valley {Harm Will-
                  | Str+3 Int+2}
  8864 | D:8      | 8864 ||| Stepping ~*~*~tactically~*~*~ (stealth).
  8871 | D:8      | 8871 ||| Stepping ~*~*~tactically~*~*~ (stealth).
  8890 | D:8      | 8890 ||| Stepping ~*~*~tactically~*~*~ (stealth).
  8891 | D:8      | 8891 ||| Stepping ~*~*~tactically~*~*~ (stealth).
  8910 | D:8      | 8910 ||| INVOKING Heroism.
  8926 | D:8      | HP: 10/65 [boulder beetle (13)]
  8927 | D:8      | 8927 ||| READING 3 scrolls of teleportation.
  8928 | D:8      | 8928 ||| DRINKING potion of heal wounds.
  8930 | D:8      | Killed a boulder beetle
  8931 | D:8      | Reached skill level 11 in Axes
  9108 | D:8      | 9108 ||| Stepping ~*~*~tactically~*~*~ (hiding).
  9110 | D:8      | 9110 ||| Stepping ~*~*~tactically~*~*~ (hiding).
  9224 | D:8      | Identified the +7 dagger of Duloru {flame, rPois rF+ Str-3}
  9245 | D:8      | 9245 ||| Stepping ~*~*~tactically~*~*~ (stealth).
  9247 | D:8      | 9247 ||| Stepping ~*~*~tactically~*~*~ (stealth).
  9248 | D:8      | 9248 ||| Stepping ~*~*~tactically~*~*~ (stealth).
  9251 | D:8      | 9251 ||| Stepping ~*~*~tactically~*~*~ (stealth).
  9254 | D:8      | 9254 ||| Stepping ~*~*~tactically~*~*~ (stealth).
  9259 | D:8      | Reached **** piety under Okawaru
  9260 | D:8      | Reached skill level 9 in Fighting
  9266 | D:8      | Reached XP level 11. HP: 61/71 MP: 14/14
  9271 | D:8      | 9271 ||| INVOKING Heroism.
  9623 | D:8      | 9623 ||| DROPPING scarf of invisibility.
  9624 | D:8      | 9624 ||| READING scroll labelled HER HUNICWUC.
  9625 | D:8      | 9625 ||| READING 2 scrolls of identify.
  9625 | D:8      | 9625 ||| IDENTIFYING smoky black potion
  9893 | D:9      | Found a staircase to the Lair.
 10002 | D:9      | Found a basalt altar of Yredelemnul.
 10068 | D:9      | Found an opulent altar of Gozag.
 10335 | D:9      | 10335 ||| PLANNING LAIR
 10335 | D:9      | 10335 ||| READING 3 scrolls of identify.
 10335 | D:9      | 10335 ||| IDENTIFYING fizzy cyan potion
 10336 | D:9      | 10336 ||| READING 2 scrolls of identify.
 10336 | D:9      | 10336 ||| IDENTIFYING silvery potion
 10337 | D:9      | 10337 ||| DROPPING potion of ambrosia.
 10388 | Lair:1   | Entered Level 1 of the Lair of Beasts
 10426 | Lair:1   | 10426 ||| INVOKING Heroism.
 10459 | Lair:1   | 10459 ||| Stepping ~*~*~tactically~*~*~ (stealth).
 10551 | Lair:1   | Received a gift from Okawaru
 10552 | Lair:1   | Reached skill level 6 in Invocations
 10686 | Lair:1   | 10686 ||| INVOKING Heroism.
 10799 | Lair:1   | 10799 ||| INVOKING Heroism.
 10961 | Lair:1   | 10961 ||| INVOKING Heroism.
 10970 | Lair:1   | Reached skill level 1 in Throwing
 11036 | Lair:1   | Noticed a death yak
 11036 | Lair:1   | Noticed a death yak
 11036 | Lair:1   | Noticed a death yak
 11037 | Lair:1   | 11037 ||| INVOKING Heroism.
 11038 | Lair:1   | Noticed a death yak
 11038 | Lair:1   | Noticed a death yak
 11044 | Lair:1   | Killed a death yak
 11057 | Lair:1   | Killed a death yak
 11057 | Lair:1   | HP: 11/71 [death yak (9)]
 11058 | Lair:1   | Reached skill level 12 in Axes
 11058 | Lair:1   | 11058 ||| READING 5 scrolls of teleportation.
 11060 | Lair:1   | Killed a death yak
 11060 | Lair:1   | Reached ***** piety under Okawaru
 11060 | Lair:1   | HP: 2/71 [death yak (9)]
 11061 | Lair:1   | Killed a death yak
 11063 | Lair:1   | 11063 ||| READING 4 scrolls of teleportation.
 11420 | Lair:1   | 11420 ||| Stepping ~*~*~tactically~*~*~ (stealth).
 11421 | Lair:1   | 11421 ||| INVOKING Heroism.
 11422 | Lair:1   | 11422 ||| INVOKING Finesse.
 11442 | Lair:1   | Killed a death yak
 11714 | Lair:1   | 11714 ||| Stepping ~*~*~tactically~*~*~ (hiding).
 11891 | Lair:1   | 11891 ||| INVOKING Heroism.
 11898 | Lair:1   | Reached skill level 6 in Shields
 11974 | Lair:1   | 11974 ||| INVOKING Heroism.
 11981 | Lair:1   | Reached XP level 12. HP: 62/76 MP: 15/18
 12092 | Lair:1   | 12092 ||| READING 3 scrolls of identify.
 12092 | Lair:1   | 12092 ||| IDENTIFYING clear potion
 12107 | Lair:2   | 12107 ||| PLANNING GAUNTLET
 12146 | Lair:2   | Found a gate leading to a gauntlet.
 12155 | Gauntlet | Entered a Gauntlet
 12155 | Gauntlet | Found a transporter.
 12155 | Gauntlet | Found a transporter.
 12155 | Gauntlet | Found a transporter.
 12156 | Gauntlet | Found a transporter.
 12159 | Gauntlet | Found a transporter.
 12173 | Gauntlet | Found a transporter.
 12173 | Gauntlet | Found a transporter.
 12185 | Gauntlet | Found a transporter.
 12276 | Gauntlet | Found a transporter.
 12286 | Gauntlet | Found a transporter.
 12290 | Gauntlet | Found a transporter.
 12300 | Gauntlet | Found a transporter.
 12369 | Gauntlet | 12369 ||| INVOKING Heroism.
 12374 | Gauntlet | Reached skill level 9 in Invocations
 12510 | Gauntlet | 12510 ||| INVOKING Heroism.
 12601 | Gauntlet | Reached skill level 3 in Throwing
 12601 | Gauntlet | 12601 ||| INVOKING Heroism.
 12723 | Gauntlet | Identified the ring of the Iron Devil {rC+ Will+ SInv}
 12729 | Gauntlet | 12729 ||| UPGRADING to ring of the Iron Devil {rC+ Will+
                  | SInv}.
 12730 | Gauntlet | 12730 ||| UPGRADING to ring of False Pretenses {rPois rC-
                  | rN+ Str+4}.
 12740 | Gauntlet | Noticed a minotaur
 12741 | Gauntlet | 12741 ||| INVOKING Heroism.
 12742 | Gauntlet | 12742 ||| INVOKING Finesse.
 12748 | Gauntlet | Killed a minotaur
 12884 | Gauntlet | 12884 ||| READING scroll labelled RAISYA NANU.
 12899 | Lair:2   | 12899 ||| PLANNING LAIR
 12910 | Lair:2   | 12910 ||| INVOKING Heroism.
 13024 | Lair:2   | 13024 ||| INVOKING Heroism.
 13026 | Lair:2   | 13026 ||| Stepping ~*~*~tactically~*~*~ (stealth).
 13028 | Lair:2   | Received a gift from Okawaru
 13101 | Lair:2   | 13101 ||| SWAPPING to +4 broad axe of holy wrath.
 13102 | Lair:2   | 13102 ||| DROPPING +1 war axe of freezing.
 13127 | Lair:2   | 13127 ||| INVOKING Heroism.
 13142 | Lair:2   | 13142 ||| FLEEEEING.
 13143 | Lair:2   | 13143 ||| FLEEEEING.
 13147 | Lair:2   | 13147 ||| FLEEEEING.
 13149 | Lair:2   | 13149 ||| FLEEEEING.
 13150 | Lair:2   | 13150 ||| FLEEEEING.
 13151 | Lair:2   | 13151 ||| FLEEEEING.
 13152 | Lair:2   | 13152 ||| INVOKING Heroism.
 13154 | Lair:2   | 13154 ||| STAIRDANCE
 13372 | Lair:2   | 13372 ||| INVOKING Heroism.
 13422 | Lair:2   | Found the +4 robe of Augmentation {Str+4 Int+4 Dex+4}
 13430 | Lair:2   | 13430 ||| INVOKING Heroism.
 13488 | Lair:2   | Identified the +11 short sword "Wees Reop" {protect, rPois
                  | Str+2 Int+4}
 13591 | Lair:2   | 13591 ||| INVOKING Heroism.
 13786 | Lair:2   | 13786 ||| INVOKING Heroism.
 13787 | Lair:2   | Found a staircase to the Swamp.
 13803 | Lair:2   | HP: 8/77 [tyrant leech (22)]
 13804 | Lair:2   | 13804 ||| READING 3 scrolls of teleportation.
 13804 | Lair:2   | Mangled by a tyrant leech

Levels and vault maps discovered:
D:1:      onia_arrival_handbag, layout_basic, chequers_serial_rivers_micro_a
D:2:      layout_basic, shapermc_ecumenical_altar_notcrosses, serial_shops,
          shop, nicolae_shop_competitors_out_of_business, nicolae_shop_trees,
          shop, nicolae_figureground_sparkle
D:3:      layout_loops_ring, general_overflow_altar
D:4:      layout_loops_ring, mainiacjoe_overflow_surrounded_room,
          mainiacjoe_overflow_chevrons, minmay_temple_entry_poolview,
          cheibrodos_sewer_entry_bend, uniq_natasha, uniq_pikel, uniq_ijyb
D:5:      layout_basic, fiery_altar_vehumet, amcnicky_mini_corridor_feature
D:6:      layout_cave_pools, marbit_many_paths
D:7:      layout_gridville, mainiacjoe_overflow_concentric_impassable,
          lemuel_flame_loot_1
D:8:      minmay_the_grid_square_5x5_3x3 [minmay_the_grid_square_5x5_two,
          minmay_the_grid_square_5x5_checkered_sparse,
          minmay_the_grid_square_5x5_bridge,
          minmay_the_grid_square_5x5_trominoes,
          minmay_the_grid_square_5x5_megaprize_checkered,
          minmay_the_grid_square_5x5_one_wall,
          minmay_the_grid_square_5x5_corner, minmay_the_grid_square_5x5_three,
          minmay_the_grid_square_5x5_three_walls], layout_loops_ring,
          mainiacjoe_overflow_24_doors, uniq_erica
D:9:      layout_irregular_city, mainiacjoe_overflow_six_doors_small,
          nicolae_gozag_seed_capital, lair_entry_dummy
Temple:   dshaligram_water_room_temple
Lair:1:   layout_cave_pods, chequers_serial_rivers_small_3,
          infiniplex_staircase_pool_2
Lair:2:   layout_misc_corridors, minmay_swamp_entry_worms,
          portal_ice_cave_entry_pillars_1, gauntlet_entry_generic

Skill      XL: |  1  2  3  4  5  6  7  8  9 10 11 12 |
---------------+-------------------------------------+-----
Axes           | 2 3 4 5 6 7 10 11 12 | 12.7
Fighting       | 7 9 10 | 10.0
Dodging        | 1 2 |  2.2
Invocations    | 4 8 10 | 10.0
Armour         | 5 6 7 |  7.0
Shields        | 4 5 6 |  6.0
Throwing       | 1 3 |  3.7

Action                   |  1- 3 |  4- 6 |  7- 9 | 10-12 || total
-------------------------+-------+-------+-------+-------++-------
Melee: War axe           |   110 |    98 |   304 |   337 ||   849
       Broad axe         |       |       |       |    49 ||    49
Throw: Javelin           |       |       |       |    28 ||    28
Invok: Heroism           |       |       |    11 |    27 ||    38
       Finesse           |       |       |       |     2 ||     2
  Use: Scroll            |     5 |     2 |     9 |    11 ||    27
       Potion            |     2 |     3 |     3 |     4 ||    12
Armor: Scale mail        |    44 |    22 |       |       ||    66
       Chain mail        |       |    30 |    90 |       ||   120
       Plate armour      |       |       |    67 |   173 ||   240
Dodge: Dodged            |    40 |    34 |    75 |    82 ||   231
Block: Buckler           |    26 |    14 |    72 |   142 ||   254
       Reflection        |       |       |     2 |     6 ||     8

Table legend:
 A = Non-vault XP
 B = Vault XP
 C = Vault XP percentage of total XP
 D = Non-vault monster count
 E = Vault monster count
 F = Vault count percentage of total count
                 A         B        C        D         E       F
            +---------+---------+-------+---------+---------+-------
      Total |   19083 |    7975 |  29.5 |     192 |      35 |  15.4
            +---------+---------+-------+---------+---------+-------
        D:1 |      22 |       4 |  15.4 |      14 |       4 |  22.2
        D:2 |      23 |       0 |   0.0 |      13 |       0 |   0.0
        D:3 |     129 |       0 |   0.0 |      23 |       0 |   0.0
        D:4 |     106 |     704 |  86.9 |      13 |       4 |  23.5
        D:5 |     792 |       0 |   0.0 |      13 |       0 |   0.0
        D:6 |    1046 |      93 |   8.2 |      15 |       1 |   6.2
        D:7 |    1024 |       0 |   0.0 |      20 |       0 |   0.0
        D:8 |    2422 |    3288 |  57.6 |      29 |      12 |  29.3
        D:9 |    1173 |       0 |   0.0 |       8 |       0 |   0.0
     Lair:1 |    7771 |       0 |   0.0 |      21 |       0 |   0.0
     Lair:2 |    4575 |     329 |   6.7 |      23 |       2 |   8.0
   Gauntlet |       0 |    3557 | 100.0 |       0 |      12 | 100.0
            +---------+---------+-------+---------+---------+-------
